 Dungeon Crawl Stone Soup version 0.30.0-10-gfe55d96785 (webtiles) character file.

Game seed: 16802173734042475846

119 McKennaii the Conjurer (level 4, -2/33 HPs)
             Began as a Demigod Conjurer on May 14, 2023.
             Killed from afar by Ijyb (11 damage)
             ... with an iceblast
             ... on level 3 of the Dungeon.
             The game lasted 00:02:15 (2459 turns).

McKennaii the Conjurer (Demigod Conjurer)           Turns: 2459, Time: 00:02:16

Health: -2/33      AC:  2    Str:  8    XL:     4   Next: 46%
Magic:  8/11       EV: 12    Int: 30    God:
Gold:   102        SH:  0    Dex: 12    Spells: 6/9 levels left

rFire   . . .        (no weapon)
rCold   . . .        (no shield)
rNeg    . . .        a - +0 robe
rPois   .            (no helmet)
rElec   .            (no cloak)
rCorr   .            (no gloves)
SInv    .            (no boots)
Will    +....        (no amulet)
Stlth   ++           o - ring of willpower
HPRegen 0.25/turn    l - +6 ring of intelligence
MPRegen 0.12/turn

%: no passive effects
@: no status effects
A: high MP 1, forlorn, divine attributes
a: no special abilities


You were on level 3 of the Dungeon.
You visited 1 branch of the dungeon, and saw 3 of its levels.

You collected 102 gold pieces.

Inventory:

Armour
 a - a +0 robe (worn)
Jewellery
 d - a ring of protection from fire
 l - a +6 ring of intelligence (right hand)
 o - a ring of willpower (left hand)
Scrolls
 c - 2 scrolls of identify
 e - 3 scrolls of teleportation
 h - a scroll of fog
 j - a scroll of immolation
Potions
 b - a potion of magic
 f - 3 potions of resistance {unknown}
 g - a potion of heal wounds {unknown}
 i - a potion of brilliance {unknown}
 k - 3 potions of curing {unknown}
 m - a potion of degeneration {unknown}


   Skills:
 - Level 1.7 Dodging
 - Level 1.7 Stealth
 + Level 3.2 Spellcasting
 + Level 4.7 Conjurations


You had 6 spell levels left.
You knew the following spells:

 Your Spells              Type           Power      Damage    Failure   Level
a - Magic Dart            Conj           100%       1d8       1%          1
b - Searing Ray           Conj           66%        2d6       1%          2

Your spell library contained the following spells:

 Spells                   Type           Power      Damage    Failure   Level
 Dazzling Flash           Conj/Hex       38%        N/A       8%          3
 Fulminant Prism          Conj/Hex       9%         3d6       26%         4
 Iskenderun's Mystic Bla  Conj/Tloc      19%        2d6       26%         4


Dungeon Overview and Level Annotations

Branches:
Dungeon (3/15)

Annotations:
D:3 Ijyb, Terence


Innate Abilities, Weirdness & Mutations

You have an increased reservoir of magic. (+10% MP)
You shall have no god before yourself.
Your divine heritage dramatically boosts your attributes as you level up.


Message History

A goblin comes into view. It is wielding a +0 dagger.
The magic dart hits the goblin.
The goblin is moderately wounded.
The goblin shouts!
The magic dart hits the goblin.
You kill the goblin!
You start resting.
You hear the rusting of a very distant drain.
You start resting.
Magic restored.
You see here a +0 dagger.
Things that are here:
a +0 club; a goblin corpse
There is a stone staircase leading down here.
Terence is nearby!
Ijyb the Twisted Goblin comes into view.
She is wielding a +0 club and carrying a wand of iceblast (4).
Ijyb shouts!
Ijyb zaps a wand.
The mass of ice explodes!
The iceblast engulfs you!
You hear a shout! x2
Casting: Magic Dart (safe; 1% risk of failure)
Confirm with . or Enter, or press ? or * to list all spells.
You can't see any susceptible monsters within range! (Use Z to cast anyway.)
A goblin comes into view. It is wielding a +0 dagger.
Casting: Magic Dart (safe; 1% risk of failure)
Confirm with . or Enter, or press ? or * to list all spells.
Aiming: Searing Ray (safe; 1% risk of failure)
Press: ? - help, Shift-Dir - straight line, f - Terence
Aim: Terence, wielding a +0 mace, wearing a +0 scale mail and carrying a wand of quicksilver (4) (83% to hit)
The searing ray hits Terence.
Terence is moderately wounded. (Press . to maintain the ray.)
The goblin shouts!
Terence zaps a wand.
The bolt of dispelling energy misses you.
The searing ray hits Terence.
Terence is heavily wounded.
Terence zaps a wand.
The bolt of dispelling energy hits you!
* * * LOW HITPOINT WARNING * * *
Ijyb zaps a wand.
The mass of ice explodes!
The iceblast engulfs you!
You die...

,,*********,,,,,,,,**#...........
,,*,8,8,8.8.....,***,,...........
,,*,,,,,,.....g.,**,,***#........
,,*,,,,,,.......,,,,** #........
,,*,,,,,,.......##*** #...<....
*,*,,,,,,........# #.>.....)
*,*,,,,,,....†[..# #..).....
,,*,8,8,8.8)...†.#########)......
,,********#..@..@.......>)......#
,** *,,.........###########.###
** **,.......#.#* ******#.....
****** **.......#..* *,,,,...####
,,,,,** *######..#g#**,**####*
,***,,* ##.*..,,,*** ,* **,*
#.,.##,,,,* ** *,*
##*##************* * *,**
**,*,*,8,*,*,*,*,


You could see Ijyb, Terence and a goblin.

Vanquished Creatures
  7 adders
  2 worms
  A dart slug (D:1)
  4 bats
  5 endoplasms
  5 giant cockroaches
  5 goblins
  A hobgoblin (D:3)
  3 jackals (D:2)
  3 ball pythons (D:2)
  3 frilled lizards
  3 kobolds
  6 rats
48 creatures vanquished.

Notes
Turn   | Place    | Note
-------+----------+-------------------------------------------
     0 | D:1      | McKennaii the Demigod Conjurer began the quest for the Orb.
     0 | D:1      | Reached XP level 1. HP: 14/14 MP: 5/5
   534 | D:1      | Reached XP level 2. HP: 20/20 MP: 4/7
   941 | D:2      | Reached skill level 4 in Conjurations
  1135 | D:2      | Learned a level 2 spell: Searing Ray
  1356 | D:2      | Reached XP level 3. HP: 16/26 MP: 3/9
  1950 | D:2      | Reached XP level 4. HP: 33/33 MP: 6/11
  2379 | D:3      | Noticed Terence
  2456 | D:3      | Noticed Ijyb
  2459 | D:3      | Killed from afar by Ijyb

Illustrated notes

Levels and vault maps discovered:
D:1:      saegor_arrival_simple_c, layout_loops_cross
D:2:      layout_basic, chequers_serial_rivers_micro_a,
          minmay_randomly_rotated_circles
D:3:      kennysheep_the_goblin_king, layout_rooms,
          dreamdust_ecumenical_altar_grove, portal_sewer_entry_d, serial_shops,
          nicolae_diamond_shop, dreamdust_mushroom_princess, chequers_avenue,
          uniq_terence, uniq_jessica

Skill      XL: |  1  2  3 |
---------------+----------+-----
Spellcasting   | 2 3 |  3.2
Conjurations   | 4 |  4.7
Dodging        | |  1.7
Stealth        | |  1.7

Action                     |  1- 3 |  4- 6 || total
---------------------------+-------+-------++-------
   Cast: Magic Dart        |    74 |    16 ||    90
         Searing Ray       |     3 |     4 ||     7
    Use: Scroll            |       |     5 ||     5
 Armour: Robe              |     1 |       ||     1
  Dodge: Dodged            |     5 |     1 ||     6
